 Dungeon Crawl Stone Soup version 0.28.0-1-gb440e238dd (webtiles) character file.

Game seed: 7445214561708196069

956 a3don the Skirmisher (level 7, -4/64 HPs)
             Began as a Minotaur Berserker on Feb 19, 2022.
             Was a Believer of Trog.
             Splashed by a jelly's acid (7 damage)
             ... on level 6 of the Dungeon.
             The game lasted 00:04:01 (3987 turns).

a3don the Skirmisher (Minotaur Berserker)           Turns: 3987, Time: 00:04:01

Health: -4/64      AC:  5    Str: 23    XL:     7   Next: 91%
Magic:  6/6        EV: 13    Int:  4    God:    Trog [**....]
Gold:   169        SH:  0    Dex: 10    Spells: 6/6 levels left

rFire   . . .      SeeInvis .   r - +0 hand axe (elec)
rCold   . . .      Faith    .   (no shield)
rNeg    . . .      Spirit   .   b - +0 animal skin
rPois   .          Reflect  .   (helmet restricted)
rElec   .          Harm     .   y - +2 cloak
rCorr   .          Rampage  .   (no gloves)
Will    .....                   (no boots)
Stlth   +.........              (no amulet)
HPRegen 0.20/turn               (no ring)
MPRegen 0.10/turn               (no ring)

@: on berserk cooldown, slowed, very slow
A: horns 2, retaliatory headbutt
a: Renounce Religion, Berserk, Trog's Hand


You were on level 6 of the Dungeon.
You worshipped Trog.
Trog was pleased with you.
You visited 1 branch of the dungeon, and saw 6 of its levels.

You collected 169 gold pieces.

Inventory:

Hand Weapons
 a - a +0 hand axe
 r - a +0 hand axe of electrocution (weapon)
 v - a +2 mace of draining
 z - a +1 morningstar of protection
Missiles
 o - 4 poisoned darts (quivered)
 u - a throwing net
Armour
 b - a +0 animal skin (worn)
 y - a +2 cloak (worn)
Jewellery
 i - a ring of resist corrosion
 p - a +4 ring of protection
Wands
 k - a wand of flame (17)
 s - a wand of mindburst (20)
Scrolls
 e - a scroll of silence {unknown}
 g - 3 scrolls of torment {unknown}
 j - a scroll of vulnerability {unknown}
 l - a scroll of teleportation {unknown}
 n - 3 scrolls of identify {unknown}
 x - 2 scrolls of blinking {unknown}
Potions
 c - a potion of haste {unknown}
 d - 3 potions of flight {unknown}
 h - 3 potions of heal wounds
 m - a potion of attraction {unknown}
 q - a potion of curing {unknown}
 t - a potion of might {unknown}
 w - a potion of ambrosia {unknown}


   Skills:
 + Level 6.5 Fighting
 + Level 6.5 Axes
 + Level 5.9 Armour
 + Level 5.4 Dodging


You had 6 spell levels left.
You didn't know any spells.
Your spell library was empty.

Dungeon Overview and Level Annotations

Branches:
Dungeon (7/15)
 Temple: D:4-7

Altars:

Shops:
D:7 *


Innate Abilities, Weirdness & Mutations

You have a pair of horns on your head.
You reflexively headbutt those who attack you in melee.


Message History

Trog accepts your kill. The orc closely misses you.
The orc warrior hits you with a +0 short sword!
* * * LOW HITPOINT WARNING * * *
The wight barely misses you.
As you read the scroll labelled IGHEPP QUOJAFA, it crumbles to dust.
You speak a Word of immense power!
The wight convulses!
You destroy the wight!
Trog accepts your kill.
The wight convulses!
You destroy the wight!
Trog accepts your kill.
The bullfrog zombie convulses!
You destroy the bullfrog zombie!
Trog accepts your kill.
It was a scroll of holy word.
The orc barely misses you. The orc warrior closely misses you.
The orc barely misses you.
Your life force feels restored.
It was a potion of heal wounds.
You feel much better.
The orc warrior hits you with a +0 short sword.
The gnoll completely misses you.
The orc hits you from afar with a +0 trident.
The orc warrior hits you with a +0 short sword!
* * * LOW HITPOINT WARNING * * *
The gnoll hits you with a +0 whip!
* * * LOW HITPOINT WARNING * * *
The orc barely misses you.
Things that are here:
a +0 scythe; a +0 robe; a wand of polymorph (13)
You slash the gnoll! Lightning courses through the gnoll!
You kill the gnoll!
Trog accepts your kill.
You slash the jelly!
Your hands burn!
* * * LOW HITPOINT WARNING * * *
The orc hits you from afar with a +0 trident.
* * * LOW HITPOINT WARNING * * *
The jelly hits you.
* * * LOW HITPOINT WARNING * * *
You are splashed with acid!
You die...

#.....)..... .
#........... ..
#..........#
...#.........#
.............#
........)....##
......))o......
#oJ......
###@.###.## #
#....#
#.##.##.###.
#........>..
###
###.##.#####..
#..
..#...........#
#.#
#.####.#####>##
#.# #.# #.#
##<## #.# #.#


You could see an orc warrior, a jelly and an orc.

Vanquished Creatures
  Sigmund (D:6)
  2 sky beasts (D:6)
  4 wights (D:6)
  A bullfrog zombie (D:6)
  A centaur zombie (D:6)
  A hound (D:6)
  2 orc priests
  Crazy Yiuf (D:3)
  A gnoll shaman (D:6)
  A centaur skeleton (D:2)
  3 orc wizards
  Robin (D:3)
  4 gnolls (D:6)
  4 adders
  A shadow imp (D:7)
  A worm (D:2)
  2 dart slugs
  13 orcs
  2 endoplasms
  3 hobgoblins
  2 kobolds
  A quokka (D:3)
  6 ball pythons
  4 bats
  3 frilled lizards
  9 goblins
  3 rats
77 creatures vanquished.

Notes
Turn   | Place    | Note
-------+----------+-------------------------------------------
     0 | D:1      | a3don the Minotaur Berserker began the quest for the Orb.
     0 | D:1      | Reached XP level 1. HP: 19/19 MP: 0/0
   594 | D:2      | Reached XP level 2. HP: 8/27 MP: 1/1
  1001 | D:2      | Reached XP level 3. HP: 11/33 MP: 2/2
  2303 | D:3      | Reached XP level 4. HP: 35/40 MP: 3/3
  2309 | D:3      | Noticed Robin
  2318 | D:3      | Reached ** piety under Trog
  2321 | D:3      | Killed Robin
  2322 | D:3      | Reached XP level 5. HP: 42/47 MP: 4/4
  2542 | D:3      | Found a runed translucent door.
  2543 | D:3      | Noticed Crazy Yiuf
  3149 | D:3      | Identified the +2 robe of Ahe Naupy {rF+ Int-5 Stlth+}
  3284 | D:3      | Killed Crazy Yiuf
  3411 | D:4      | Reached skill level 5 in Axes
  3446 | D:4      | You fall into a shaft and drop 3 floors!
  3458 | D:7      | Reached skill level 5 in Fighting
  3462 | D:7      | Found Bus Roqu's Neck Hole.
  3466 | D:7      | Noticed a sky beast
  3485 | D:6      | Killed a sky beast
  3486 | D:6      | Reached XP level 6. HP: 12/56 MP: 5/5
  3494 | D:6      | HP: 2/56 [something/magic dart (5)]
  3739 | D:6      | Noticed a sky beast
  3754 | D:6      | Killed a sky beast
  3960 | D:6      | Noticed Sigmund
  3963 | D:6      | Noticed an orc warrior
  3965 | D:6      | Killed Sigmund
  3966 | D:6      | Reached skill level 5 in Armour
  3966 | D:6      | Reached XP level 7. HP: 62/62 MP: 6/6
  3978 | D:6      | Reached skill level 5 in Dodging
  3987 | D:6      | HP: 3/64 [jelly (2)]
  3987 | D:6      | Splashed by a jelly's acid

Illustrated notes

Levels and vault maps discovered:
D:1:      dpeg_arrival_pits, layout_basic, chequers_serial_rivers_marsh,
          fountainhead, minmay_pentomino_u4
D:2:      layout_basic, nrook_loot_triangle
D:3:      minmay_spotlight, layout_rooms, uniq_crazy_yiuf_cottage, uniq_robin
D:4:      layout_basic, nrook_mini_vaults
D:6:      layout_loops_ring, nicolae_sif_muna_condensation, uniq_sigmund
D:7:      layout_basic, minmay_temple_entry_purple_smoke,
          nicolae_shop_sticking_my_neck_out

Skill      XL: |  1  2  3  4  5  6  7 |
---------------+----------------------+-----
Fighting       | 4 5 6 |  6.5
Axes           | 4 5 6 |  6.5
Armour         | 3 4 5 |  5.9
Dodging        | 3 4 5 |  5.4

Action                   |  1- 3 |  4- 6 |  7- 9 || total
-------------------------+-------+-------+-------++-------
Melee: Hand axe          |    58 |    89 |    17 ||   164
       Headbutt          |    13 |     9 |     3 ||    25
Invok: Berserk           |     1 |     5 |       ||     6
       Trog's Hand       |       |     2 |       ||     2
  Use: Scroll            |       |       |     1 ||     1
       Potion            |       |       |     1 ||     1
 Stab: Sleeping          |     2 |       |       ||     2
Armor: Animal skin       |    11 |    21 |     2 ||    34
Dodge: Dodged            |    43 |    34 |    25 ||   102
